TORONTO Maple Leafs vs NASHVILLE Predators

Created - 18 février 2024 at 08:14

Goals
1 2 3 T
TORONTO Maple Leafs 2 0 0 2
NASHVILLE Predators 0 0 1 1
Shots
1 2 3 T
TORONTO Maple Leafs 4 13 1 18
NASHVILLE Predators 7 5 5 17

1st period

1. TORONTO Maple Leafs , Corey Perry 4 (Nick Leddy 2, Tyler Seguin 6) at 11:50
2. TORONTO Maple Leafs , Tyler Seguin 5 (Mark Friedman 1, Corey Perry 6) at 12:03

Penalties :
Colin White (TOR) for Tripping (Minor) at 7:50

2nd period

No Goal

Penalties :
Dmitry Kulikov (NSH) for Roughing (Minor) at 1:12, Josh Bailey (TOR) for Tripping (Minor) at 4:58, Tanner Jeannot (NSH) for Hooking (Minor) at 14:09

3rd period

3. NASHVILLE Predators , Travis Hamonic 2 (Tanner Jeannot 1, Jean-Gabriel Pageau 2) at 7:31

Penalties :
Tanner Jeannot (NSH) for Diving (Minor) at 4:46, Corey Perry (TOR) for Delaying the game (Minor) at 4:57

Goalie Stats

Matt Murray (TOR), 16 saves from 17 shots - (0,941), W, 6-2-0, 60:00 minutes
Juuse Saros (NSH), 16 saves from 18 shots - (0,889), L, 5-1-2, 59:19 minutes

Players Stats for TORONTO Maple Leafs

Player Name              G  A  P  +/- PIM S  H  SB GA TA FO     MP     PP MP  PK MP  
------------------------------------------------------------------------------------
Alex Goligoski           0  0  0   0  0   0  2  0  0  0  0/0    13:54   0:00   1:37 
Artem Zub                0  0  0   0  0   0  6  2  0  0  0/0    13:01   0:00   0:00 
Colin White              0  0  0   0  2   1  1  0  0  0  0/0    20:11   1:47   0:18 
Corey Perry              1  1  2   1  2   5  3  0  0  0  0/1    21:26   2:03   2:08 
Dennis Gilbert           0  0  0   0  0   1  2  0  0  0  0/0     5:47   0:00   0:00 
John Marino              0  0  0   1  0   0  1  2  0  0  0/0    20:03   2:01   2:32 
Jonah Gadjovich          0  0  0   0  0   0  1  0  0  0  2/4    17:03   0:18   1:29 
Josh Bailey              0  0  0   1  2   1  0  0  0  0  1/1    18:47   2:04   0:28 
Kevin Stenlund           0  0  0   0  0   0  0  0  0  0  0/2     1:59   0:00   0:00 
Mark Friedman            0  1  1   0  0   0  0  0  0  0  0/0     5:56   0:00   0:09 
Mark Jankowski           0  0  0   0  0   0  0  0  0  0  3/4    20:44   1:47   0:30 
Nick Leddy               0  1  1   1  0   0  1  0  0  0  0/0    20:03   2:01   2:32 
Ryan Carpenter           0  0  0   0  0   0  0  0  0  0  5/9    15:42   0:18   0:05 
Sam Lafferty             0  0  0   0  0   1  2  0  0  0  10/20  20:04   1:47   1:10 
Shayne Gostisbehere      0  0  0   0  0   1  3  2  0  0  0/0    21:44   2:08   1:28 
Simon Holmstrom          0  0  0   0  0   0  1  0  0  0  0/0    15:34   0:18   0:00 
Tyler Seguin             1  1  2   1  0   5  0  0  0  0  21/31  22:30   2:04   2:10 
Vince Dunn               0  0  0   0  0   3  1  3  0  0  0/0    19:32   2:08   0:00 

Players Stats for NASHVILLE Predators

Player Name              G  A  P  +/- PIM S  H  SB GA TA FO     MP     PP MP  PK MP  
------------------------------------------------------------------------------------
Aleksander Barkov        0  0  0  -1  0   1  0  0  0  0  9/15   20:41   2:13   0:18 
Alex DeBrincat           0  0  0  -1  0   1  3  0  0  0  0/3    22:01   2:13   1:38 
Brent Burns              0  0  0   0  0   0  7  0  0  0  0/0    22:54   2:15   0:00 
Dmitry Kulikov           0  0  0   0  2   1  2  1  0  0  0/0    14:08   0:00   0:00 
Dylan Gambrell           0  0  0   0  0   0  4  0  0  0  0/4     8:32   0:00   0:00 
Dylan Larkin             0  0  0  -1  0   1  2  0  0  0  9/22   15:37   1:45   0:00 
Esa Lindell              0  0  0  -1  0   2  1  0  0  0  0/0    21:42   1:54   1:18 
Jaccob Slavin            0  0  0   0  0   1  1  0  0  0  0/0    23:58   2:04   2:51 
Jean-Gabriel Pageau      0  1  1   1  0   1  0  0  0  0  11/22  14:44   0:11   3:25 
Jimmy Vesey              0  0  0   1  0   2  1  0  0  0  0/0    11:34   0:00   0:26 
Johnny Gaudreau          0  0  0  -1  0   5  0  0  0  0  0/0    16:25   2:13   0:20 
Jonatan Berggren         0  0  0   0  0   0  0  0  0  0  0/3     8:32   0:00   0:00 
Luke Schenn              0  0  0  -1  0   0  2  0  0  0  0/0    18:12   0:00   1:18 
Nicholas Robertson       0  0  0   0  0   0  0  0  0  0  0/0     8:32   0:00   0:00 
Pavel Zacha              0  0  0  -1  0   1  1  0  0  0  1/1    15:24   1:56   0:26 
Reilly Smith             0  0  0  -1  0   0  1  0  0  0  0/2    19:08   1:56   0:00 
Tanner Jeannot           0  1  1   1  4   0  2  0  0  0  0/0    12:51   0:00   1:45 
Travis Hamonic           1  0  1   0  0   1  1  0  0  0  0/0    19:05   2:05   2:51 

3 Stars

1 - Tyler Seguin (TOR)
2 - Corey Perry (TOR)
3 - Travis Hamonic (NSH)

Power Play

TORONTO Maple Leafs - 0 on 3 Attempt(s) - 0,00%
NASHVILLE Predators - 0 on 3 Attempt(s) - 0,00%

Penalty Kill

TORONTO Maple Leafs - 3 on 3 Attempt(s) - 100,00% - Score 0 goal in Penalty Kill
NASHVILLE Predators - 3 on 3 Attempt(s) - 100,00% - Score 0 goal in Penalty Kill

Team Stat

TORONTO Maple Leafs - Hits : 24 - Faceoff Wins : 42 - Blocked Shots : 9 - Penalty Minutes : 6
NASHVILLE Predators - Hits : 28 - Faceoff Wins : 30 - Blocked Shots : 1 - Penalty Minutes : 6

Official

Referees : Graham Skilliter and Kelly Cooke
Linesman : Ryan Galloway and Sara Strong

Game Notes

No Game Note

Finance

Level 1 -- Attendance: 6384 (91,20%) -- Ticket Income $606,480
Level 2 -- Attendance: 5464 (91,07%) -- Ticket Income $300,520
Level 3 -- Attendance: 2715 (90,50%) -- Ticket Income $86,880
Level 4 -- Attendance: 4293 (85,86%) -- Ticket Income $85,860
Luxury Box -- Attendance: 744 (71,54%) -- Ticket Income $148,800
Game was played at the Bridgestone Arena.
Total Attendance: 19600 (88,93%)
Total Ticket Income: $1,228,540
Other Income: $307,135
Total Income: $1,535,675

TORONTO Maple Leafs

5 vs 5 Forward 
   Center                   Left Wing                Right Wing               Time % Phy DF OF 
 1 Tyler Seguin             Josh Bailey              Corey Perry              40     1   2  2  
 2 Sam Lafferty             Mark Jankowski           Colin White              30     1   2  2  
 3 Ryan Carpenter           Jonah Gadjovich          Simon Holmstrom          20     1   2  2  
 4 Kevin Stenlund           Tyler Seguin             Corey Perry              10     1   2  2  

5 vs 5 Defense 
   Defense                  Defense                                           Time % Phy DF OF 
 1 Vince Dunn               Shayne Gostisbehere                               40     1   2  2  
 2 Nick Leddy               John Marino                                       30     1   2  2  
 3 Alex Goligoski           Artem Zub                                         20     1   2  2  
 4 Mark Friedman            Dennis Gilbert                                    10     1   2  2  

PowerPlay Forward 
   Center                   Left Wing                Right Wing               Time % Phy DF OF 
 1 Tyler Seguin             Josh Bailey              Corey Perry              60     1   2  2  
 2 Sam Lafferty             Mark Jankowski           Colin White              40     1   2  2  

PowerPlay Defense
   Defense                  Defense                                           Time % Phy DF OF 
 1 Vince Dunn               Shayne Gostisbehere                               60     1   2  2  
 2 Nick Leddy               John Marino                                       40     1   2  2  

Penalty Kill 4 Players Forward 
   Center                   Wing                     Time % Phy DF OF 
 1 Tyler Seguin             Corey Perry              60     1   2  2  
 2 Josh Bailey              Sam Lafferty             40     1   2  2  

Penalty Kill 4 Players Defense
   Defense                  Defense                  Time % Phy DF OF 
 1 Alex Goligoski           Shayne Gostisbehere      60     1   2  2  
 2 Nick Leddy               John Marino              40     1   2  2  

Penalty Kill - 3 Players Forward 
   Forward                                           Time % Phy DF OF 
 1 Tyler Seguin                                      60     1   2  2  
 2 Corey Perry                                       40     1   2  2  

Penalty Kill - 3 Players Defense
   Defense                  Defense                  Time % Phy DF OF 
 1 Mark Friedman            Shayne Gostisbehere      60     1   2  2  
 2 Nick Leddy               John Marino              40     1   2  2  

4 vs 4 Forward 
   Center                   Wing                     Time % Phy DF OF 
 1 Tyler Seguin             Corey Perry              60     1   2  2  
 2 Josh Bailey              Sam Lafferty             40     1   2  2  

4 vs 4 Defense
   Defense                  Defense                  Time % Phy DF OF 
 1 Artem Zub                Shayne Gostisbehere      60     1   2  2  
 2 Nick Leddy               John Marino              40     1   2  2  

Last Minutes Offensive
   Center                   Left Wing                Right Wing               Defense                  Defense                  
   Tyler Seguin             Josh Bailey              Corey Perry              Vince Dunn               Shayne Gostisbehere      

Last Minutes Defensive
   Center                   Left Wing                Right Wing               Defense                  Defense                  
   Tyler Seguin             Josh Bailey              Corey Perry              Vince Dunn               Shayne Gostisbehere      

Goaltenders
Starting : Matt Murray              
Backup : Alex Nedeljkovic         

Extra Forwards
Normal : Ryan Carpenter, Simon Holmstrom, Jonah Gadjovich - PP : Ryan Carpenter, Simon Holmstrom - PK : Jonah Gadjovich
Extra Defensemen
Normal : Alex Goligoski, Artem Zub, Mark Friedman - PP : Alex Goligoski - PK : Artem Zub, Mark Friedman
Penalty Shots
Tyler Seguin, Corey Perry, Josh Bailey, Sam Lafferty, Colin White

Scratches
Janne Kuokkanen (Healthy)

NASHVILLE Predators

5 vs 5 Forward 
   Center                   Left Wing                Right Wing               Time % Phy DF OF 
 1 Aleksander Barkov        Alex DeBrincat           Reilly Smith             40     0   2  3  
 2 Dylan Larkin             Johnny Gaudreau          Pavel Zacha              30     0   2  3  
 3 Jean-Gabriel Pageau      Jimmy Vesey              Tanner Jeannot           20     2   2  1  
 4 Dylan Gambrell           Nicholas Robertson       Jonatan Berggren         10     1   2  2  

5 vs 5 Defense 
   Defense                  Defense                                           Time % Phy DF OF 
 1 Brent Burns              Jaccob Slavin                                     40     0   2  3  
 2 Esa Lindell              Luke Schenn                                       30     1   2  2  
 3 Travis Hamonic           Dmitry Kulikov                                    20     1   3  1  
 4 Esa Lindell              Brent Burns                                       10     1   2  2  

PowerPlay Forward 
   Center                   Left Wing                Right Wing               Time % Phy DF OF 
 1 Aleksander Barkov        Johnny Gaudreau          Alex DeBrincat           60     0   1  4  
 2 Dylan Larkin             Reilly Smith             Pavel Zacha              40     0   1  4  

PowerPlay Defense
   Defense                  Defense                                           Time % Phy DF OF 
 1 Brent Burns              Jaccob Slavin                                     60     1   1  3  
 2 Esa Lindell              Travis Hamonic                                    40     1   1  3  

Penalty Kill 4 Players Forward 
   Center                   Wing                     Time % Phy DF OF 
 1 Jean-Gabriel Pageau      Tanner Jeannot           60     1   3  1  
 2 Pavel Zacha              Jimmy Vesey              40     1   3  1  

Penalty Kill 4 Players Defense
   Defense                  Defense                  Time % Phy DF OF 
 1 Travis Hamonic           Jaccob Slavin            60     1   3  1  
 2 Esa Lindell              Luke Schenn              40     1   3  1  

Penalty Kill - 3 Players Forward 
   Forward                                           Time % Phy DF OF 
 1 Aleksander Barkov                                 60     1   3  1  
 2 Jean-Gabriel Pageau                               40     1   3  1  

Penalty Kill - 3 Players Defense
   Defense                  Defense                  Time % Phy DF OF 
 1 Brent Burns              Jaccob Slavin            60     1   3  1  
 2 Esa Lindell              Luke Schenn              40     1   3  1  

4 vs 4 Forward 
   Center                   Wing                     Time % Phy DF OF 
 1 Aleksander Barkov        Alex DeBrincat           60     1   2  2  
 2 Dylan Larkin             Johnny Gaudreau          40     1   2  2  

4 vs 4 Defense
   Defense                  Defense                  Time % Phy DF OF 
 1 Brent Burns              Jaccob Slavin            60     1   2  2  
 2 Esa Lindell              Luke Schenn              40     1   2  2  

Last Minutes Offensive
   Center                   Left Wing                Right Wing               Defense                  Defense                  
   Aleksander Barkov        Alex DeBrincat           Reilly Smith             Brent Burns              Jaccob Slavin            

Last Minutes Defensive
   Center                   Left Wing                Right Wing               Defense                  Defense                  
   Aleksander Barkov        Alex DeBrincat           Reilly Smith             Brent Burns              Jaccob Slavin            

Goaltenders
Starting : Juuse Saros              
Backup : Charlie Lindgren         

Extra Forwards
Normal : Jean-Gabriel Pageau, Jimmy Vesey, Tanner Jeannot - PP : Jean-Gabriel Pageau, Jimmy Vesey - PK : Tanner Jeannot
Extra Defensemen
Normal : Travis Hamonic, Dmitry Kulikov, Luke Schenn - PP : Travis Hamonic - PK : Dmitry Kulikov, Luke Schenn
Penalty Shots
Alex DeBrincat, Dylan Larkin, Johnny Gaudreau, Aleksander Barkov, Reilly Smith

Scratches
None


% Time on Ice - TORONTO Maple Leafs

Lines # - Real PCT - Wanted PCT - Time Play
Normal Forward
1 - 31% - 40% - 15:32
2 - 34% - 30% - 17:07
3 - 31% - 20% - 15:16
4 - 3% - 10% - 1:43
Normal Defense
1 - 35% - 40% - 17:08
2 - 29% - 30% - 14:26
3 - 25% - 20% - 12:17
4 - 12% - 10% - 5:47
PP Forward
1 - 57% - 60% - 2:22
2 - 43% - 40% - 1:47
PP Defense
1 - 51% - 60% - 2:08
2 - 49% - 40% - 2:01
PK Forward
1 - 72% - 60% - 2:59
2 - 28% - 40% - 1:10
PK Defense
1 - 39% - 60% - 1:37
2 - 61% - 40% - 2:32
PK3 Forward
1 - 0% - 60%
2 - 0% - 40%
PK3 Defense
1 - 0% - 60%
2 - 0% - 40%
44 Forward
1 - 100% - 60% - 1:48
2 - 0% - 40% - 0:00
44 Defense
1 - 41% - 60% - 0:44
2 - 59% - 40% - 1:04
Last Minute Offensive  - 0:00
Last Minute Defensive  - 0:16
Total
Forward - 60:00
Defense - 60:00

% Time on Ice - NASHVILLE Predators

Lines # - Real PCT - Wanted PCT - Time Play
Normal Forward
1 - 35% - 40% - 17:12
2 - 27% - 30% - 13:02
3 - 21% - 20% - 10:11
4 - 17% - 10% - 8:32
Normal Defense
1 - 37% - 40% - 18:05
2 - 33% - 30% - 16:04
3 - 27% - 20% - 13:12
4 - 3% - 10% - 1:36
PP Forward
1 - 53% - 60% - 2:13
2 - 47% - 40% - 1:56
PP Defense
1 - 50% - 60% - 2:04
2 - 50% - 40% - 2:05
PK Forward
1 - 90% - 60% - 3:43
2 - 10% - 40% - 0:26
PK Defense
1 - 69% - 60% - 2:51
2 - 31% - 40% - 1:18
PK3 Forward
1 - 0% - 60%
2 - 0% - 40%
PK3 Defense
1 - 0% - 60%
2 - 0% - 40%
44 Forward
1 - 54% - 60% - 0:58
2 - 46% - 40% - 0:50
44 Defense
1 - 54% - 60% - 0:58
2 - 46% - 40% - 0:50
Last Minute Offensive  - 0:57
Last Minute Defensive  - 0:00
Total
Forward - 60:00
Defense - 60:00

Play-by-Play

1st period


0:01 of 1st period - Aleksander Barkov wins face-off versus Corey Perry in neutral zone.
0:12 of 1st period - Shot by Reilly Smith.
0:12 of 1st period - Deflect By Aleksander Barkov.
0:12 of 1st period - Shot Misses the Net.
0:14 of 1st period - Shot by Jaccob Slavin.
0:14 of 1st period - Shot Misses the Net.
0:33 of 1st period - Off-side.
0:34 of 1st period - Dylan Larkin wins face-off versus Sam Lafferty in neutral zone.
0:43 of 1st period - Shot by Johnny Gaudreau.
0:43 of 1st period - Stopped by Matt Murray without a rebound.
0:44 of 1st period - Jean-Gabriel Pageau wins face-off versus Jonah Gadjovich in TORONTO Maple Leafs zone.
1:52 of 1st period - Shot by Dylan Larkin.
1:52 of 1st period - Shot Misses the Net.
2:00 of 1st period - Shot by Johnny Gaudreau.
2:00 of 1st period - Stopped by Matt Murray without a rebound.
2:01 of 1st period - Aleksander Barkov wins face-off versus Mark Jankowski in TORONTO Maple Leafs zone.
2:02 of 1st period - Shot by Alex DeBrincat.
2:02 of 1st period - Shot Misses the Net.
2:14 of 1st period - Shot by Alex DeBrincat.
2:14 of 1st period - Shot Misses the Net.
2:22 of 1st period - Shot by Aleksander Barkov.
2:22 of 1st period - Shot Blocked by John Marino.
2:24 of 1st period - Shot by Aleksander Barkov.
2:24 of 1st period - Deflect By Alex DeBrincat.
2:24 of 1st period - Stopped by Matt Murray without a rebound.
2:25 of 1st period - Tyler Seguin wins face-off versus Jonatan Berggren in TORONTO Maple Leafs zone.
2:54 of 1st period - Dylan Gambrell is hit by Corey Perry and loses puck.
3:00 of 1st period - Icing by Esa Lindell.
3:01 of 1st period - Sam Lafferty wins face-off versus Dylan Gambrell in NASHVILLE Predators zone.
3:23 of 1st period - Icing by Colin White.
3:24 of 1st period - Sam Lafferty wins face-off versus Dylan Larkin in TORONTO Maple Leafs zone.
3:24 of 1st period - Sam Lafferty is hit by Dylan Larkin.
4:15 of 1st period - Icing by Nick Leddy.
4:16 of 1st period - Aleksander Barkov wins face-off versus Sam Lafferty in TORONTO Maple Leafs zone.
4:16 of 1st period - Aleksander Barkov is hit by Nick Leddy.
4:30 of 1st period - Shot by Dmitry Kulikov.
4:30 of 1st period - Stopped by Matt Murray without a rebound.
4:31 of 1st period - Tyler Seguin wins face-off versus Jean-Gabriel Pageau in TORONTO Maple Leafs zone.
4:40 of 1st period - Shot by Esa Lindell.
4:40 of 1st period - Shot Blocked by Shayne Gostisbehere.
4:52 of 1st period - Shot by Jean-Gabriel Pageau.
4:52 of 1st period - Shot Misses the Net.
4:54 of 1st period - Shot by Jean-Gabriel Pageau.
4:54 of 1st period - Deflect By Jimmy Vesey.
4:54 of 1st period - Stopped by Matt Murray without a rebound.
4:55 of 1st period - Ryan Carpenter wins face-off versus Alex DeBrincat in TORONTO Maple Leafs zone.
4:55 of 1st period - Ryan Carpenter is hit by Reilly Smith.
5:33 of 1st period - Shot by Alex DeBrincat.
5:33 of 1st period - Shot Misses the Net.
6:10 of 1st period - Icing by Johnny Gaudreau.
6:11 of 1st period - Dylan Larkin wins face-off versus Tyler Seguin in NASHVILLE Predators zone.
6:22 of 1st period - Shot by Pavel Zacha.
6:22 of 1st period - Shot Blocked by Vince Dunn.
6:24 of 1st period - Shot by Dylan Larkin.
6:24 of 1st period - Shot Misses the Net.
6:26 of 1st period - Shot by Dylan Larkin.
6:26 of 1st period - Shot Blocked by Vince Dunn.
6:58 of 1st period - Shot by Tanner Jeannot.
6:58 of 1st period - Shot Blocked by Shayne Gostisbehere.
7:11 of 1st period - Shot by Jean-Gabriel Pageau.
7:11 of 1st period - Shot Misses the Net.
7:36 of 1st period - Esa Lindell is hit by Artem Zub and loses puck.
7:46 of 1st period - Alex Goligoski is hit by Brent Burns and loses puck.
7:50 of 1st period - Minor Penalty to Colin White for Tripping.
7:51 of 1st period - Jonah Gadjovich wins face-off versus Aleksander Barkov in TORONTO Maple Leafs zone.
8:11 of 1st period - Icing by Jaccob Slavin.
8:12 of 1st period - Tyler Seguin wins face-off versus Aleksander Barkov in NASHVILLE Predators zone.
9:23 of 1st period - Shot by Reilly Smith.
9:23 of 1st period - Shot Misses the Net.
9:25 of 1st period - Shot by Esa Lindell.
9:25 of 1st period - Stopped by Matt Murray without a rebound.
9:26 of 1st period - Tyler Seguin wins face-off versus Dylan Larkin in TORONTO Maple Leafs zone.
9:34 of 1st period - Off-side.
9:35 of 1st period - Tyler Seguin wins face-off versus Dylan Larkin in neutral zone.
9:37 of 1st period - Off-side.
9:38 of 1st period - Aleksander Barkov wins face-off versus Tyler Seguin in neutral zone.
10:16 of 1st period - Sam Lafferty is hit by Brent Burns and loses puck.
10:24 of 1st period - Jaccob Slavin is hit by Artem Zub and loses puck.
11:24 of 1st period - Simon Holmstrom is hit by Luke Schenn.
11:37 of 1st period - Luke Schenn is hit by John Marino and loses puck.
11:50 of 1st period - Shot by Corey Perry.
11:50 of 1st period - Goal by Corey Perry - TORONTO Maple Leafs : 1 - NASHVILLE Predators : 0.
11:51 of 1st period - Tyler Seguin wins face-off versus Dylan Larkin in neutral zone.
11:55 of 1st period - Tyler Seguin is hit by Travis Hamonic.
12:03 of 1st period - Shot by Tyler Seguin.
12:03 of 1st period - Goal by Tyler Seguin - TORONTO Maple Leafs : 2 - NASHVILLE Predators : 0.
12:04 of 1st period - Jean-Gabriel Pageau wins face-off versus Sam Lafferty in neutral zone.
12:30 of 1st period - Icing by John Marino.
12:31 of 1st period - Sam Lafferty wins face-off versus Dylan Larkin in TORONTO Maple Leafs zone.
12:31 of 1st period - Sam Lafferty is hit by Dylan Larkin.
13:19 of 1st period - Icing by Dylan Larkin.
13:20 of 1st period - Dylan Larkin wins face-off versus Ryan Carpenter in NASHVILLE Predators zone.
13:34 of 1st period - Ryan Carpenter is hit by Dmitry Kulikov and loses puck.
13:56 of 1st period - Shot by Ryan Carpenter.
13:56 of 1st period - Shot Misses the Net.
13:58 of 1st period - Shot by Artem Zub.
13:58 of 1st period - Shot Misses the Net.
14:00 of 1st period - Shot by Alex Goligoski.
14:00 of 1st period - Shot Blocked by Dmitry Kulikov.
14:09 of 1st period - Icing by Dmitry Kulikov.
14:10 of 1st period - Tyler Seguin wins face-off versus Dylan Larkin in NASHVILLE Predators zone.
14:34 of 1st period - Icing by Travis Hamonic.
14:35 of 1st period - Sam Lafferty wins face-off versus Dylan Larkin in NASHVILLE Predators zone.
16:11 of 1st period - Shot by Reilly Smith.
16:11 of 1st period - Shot Misses the Net.
16:14 of 1st period - Icing by Shayne Gostisbehere.
16:15 of 1st period - Tyler Seguin wins face-off versus Jean-Gabriel Pageau in TORONTO Maple Leafs zone.
16:46 of 1st period - Shot by Dennis Gilbert.
16:46 of 1st period - Stopped by Juuse Saros without a rebound.
16:47 of 1st period - Sam Lafferty wins face-off versus Jonatan Berggren in NASHVILLE Predators zone.
17:00 of 1st period - Sam Lafferty is hit by Dylan Gambrell and loses puck.
17:52 of 1st period - Shot by Luke Schenn.
17:52 of 1st period - Shot Blocked by Artem Zub.
18:36 of 1st period - Shot by Tyler Seguin.
18:36 of 1st period - Stopped by Juuse Saros without a rebound.
18:37 of 1st period - Jean-Gabriel Pageau wins face-off versus Kevin Stenlund in NASHVILLE Predators zone.
18:37 of 1st period - Jean-Gabriel Pageau is hit by Corey Perry.
19:36 of 1st period - Off-side.
19:37 of 1st period - Dylan Larkin wins face-off versus Sam Lafferty in neutral zone.
19:37 of 1st period - Dylan Larkin is hit by Sam Lafferty.
19:40 of 1st period - Pavel Zacha is hit by Shayne Gostisbehere.
19:58 of 1st period - Shot by Johnny Gaudreau.
19:58 of 1st period - Stopped by Matt Murray without a rebound.
19:59 of 1st period - Ryan Carpenter wins face-off versus Aleksander Barkov in TORONTO Maple Leafs zone.
Goals for this period are 2 for TORONTO Maple Leafs vs 0 for NASHVILLE Predators.
Shots for this period are 4 for TORONTO Maple Leafs vs 7 for NASHVILLE Predators.

2nd period


0:01 of 2nd period - Aleksander Barkov wins face-off versus Tyler Seguin in neutral zone.
0:03 of 2nd period - Alex DeBrincat is hit by Vince Dunn and loses puck.
0:23 of 2nd period - Tyler Seguin is hit by Esa Lindell.
1:12 of 2nd period - Minor Penalty to Dmitry Kulikov for Roughing.
1:13 of 2nd period - Mark Jankowski wins face-off versus Jean-Gabriel Pageau in NASHVILLE Predators zone.
1:16 of 2nd period - Shot by Colin White.
1:16 of 2nd period - Stopped by Juuse Saros without a rebound.
1:17 of 2nd period - Mark Jankowski wins face-off versus Jean-Gabriel Pageau in NASHVILLE Predators zone.
2:01 of 2nd period - Icing by Tyler Seguin.
2:02 of 2nd period - Tyler Seguin wins face-off versus Jean-Gabriel Pageau in TORONTO Maple Leafs zone.
2:06 of 2nd period - Off-side.
2:07 of 2nd period - Tyler Seguin wins face-off versus Jean-Gabriel Pageau in neutral zone.
2:10 of 2nd period - Shot by Vince Dunn.
2:10 of 2nd period - Stopped by Juuse Saros without a rebound.
2:11 of 2nd period - Jean-Gabriel Pageau wins face-off versus Tyler Seguin in NASHVILLE Predators zone.
2:22 of 2nd period - Shot by Josh Bailey.
2:22 of 2nd period - Deflect By Corey Perry.
2:22 of 2nd period - Stopped by Juuse Saros with a rebound.
2:24 of 2nd period - Shot by Josh Bailey.
2:24 of 2nd period - Stopped by Juuse Saros without a rebound.
2:25 of 2nd period - Jean-Gabriel Pageau wins face-off versus Sam Lafferty in NASHVILLE Predators zone.
2:50 of 2nd period - Shot by Vince Dunn.
2:50 of 2nd period - Deflect By Sam Lafferty.
2:50 of 2nd period - Stopped by Juuse Saros without a rebound.
2:51 of 2nd period - Pavel Zacha wins face-off versus Tyler Seguin in NASHVILLE Predators zone.
2:51 of 2nd period - Pavel Zacha is hit by Corey Perry.
3:26 of 2nd period - Alex Goligoski is hit by Alex DeBrincat and loses puck.
3:32 of 2nd period - Icing by Artem Zub.
3:33 of 2nd period - Dylan Larkin wins face-off versus Ryan Carpenter in TORONTO Maple Leafs zone.
3:33 of 2nd period - Pavel Zacha is hit by Artem Zub and loses puck.
3:43 of 2nd period - Icing by Alex Goligoski.
3:44 of 2nd period - Ryan Carpenter wins face-off versus Aleksander Barkov in TORONTO Maple Leafs zone.
3:58 of 2nd period - Artem Zub is hit by Alex DeBrincat and loses puck.
4:05 of 2nd period - Reilly Smith is hit by Jonah Gadjovich and loses puck.
4:16 of 2nd period - Jonah Gadjovich is hit by Alex DeBrincat and loses puck.
4:22 of 2nd period - Alex Goligoski is hit by Jaccob Slavin and loses puck.
4:58 of 2nd period - Minor Penalty to Josh Bailey for Tripping.
4:59 of 2nd period - Tyler Seguin wins face-off versus Dylan Larkin in TORONTO Maple Leafs zone.
5:51 of 2nd period - Shot by Jaccob Slavin.
5:51 of 2nd period - Stopped by Matt Murray without a rebound.
5:52 of 2nd period - Aleksander Barkov wins face-off versus Jonah Gadjovich in TORONTO Maple Leafs zone.
5:54 of 2nd period - Johnny Gaudreau is hit by Shayne Gostisbehere and loses puck.
6:33 of 2nd period - Shot by Esa Lindell.
6:33 of 2nd period - Shot Misses the Net.
6:35 of 2nd period - Shot by Esa Lindell.
6:35 of 2nd period - Stopped by Matt Murray without a rebound.
6:36 of 2nd period - Dylan Larkin wins face-off versus Tyler Seguin in TORONTO Maple Leafs zone.
7:07 of 2nd period - Mark Friedman is hit by Tanner Jeannot and loses puck.
7:18 of 2nd period - Shot by Jean-Gabriel Pageau.
7:18 of 2nd period - Stopped by Matt Murray without a rebound.
7:19 of 2nd period - Sam Lafferty wins face-off versus Dylan Gambrell in TORONTO Maple Leafs zone.
7:19 of 2nd period - Shayne Gostisbehere is hit by Dylan Gambrell and loses puck.
8:32 of 2nd period - Icing by Jaccob Slavin.
8:33 of 2nd period - Tyler Seguin wins face-off versus Dylan Larkin in NASHVILLE Predators zone.
8:40 of 2nd period - Shot by Tyler Seguin.
8:40 of 2nd period - Stopped by Juuse Saros without a rebound.
8:41 of 2nd period - Aleksander Barkov wins face-off versus Tyler Seguin in NASHVILLE Predators zone.
9:54 of 2nd period - Off-side.
9:55 of 2nd period - Dylan Larkin wins face-off versus Ryan Carpenter in neutral zone.
10:00 of 2nd period - Shot by Johnny Gaudreau.
10:00 of 2nd period - Stopped by Matt Murray with a rebound.
10:18 of 2nd period - Shot by Shayne Gostisbehere.
10:18 of 2nd period - Shot Misses the Net.
10:25 of 2nd period - Icing by Pavel Zacha.
10:26 of 2nd period - Mark Jankowski wins face-off versus Dylan Larkin in NASHVILLE Predators zone.
10:28 of 2nd period - Sam Lafferty is hit by Brent Burns and loses puck.
11:43 of 2nd period - Shot by Jean-Gabriel Pageau.
11:43 of 2nd period - Shot Misses the Net.
12:18 of 2nd period - Dmitry Kulikov is hit by Simon Holmstrom and loses puck.
12:47 of 2nd period - Icing by Travis Hamonic.
12:48 of 2nd period - Aleksander Barkov wins face-off versus Sam Lafferty in NASHVILLE Predators zone.
12:58 of 2nd period - Aleksander Barkov is hit by Dennis Gilbert and loses puck.
13:01 of 2nd period - Shot by Reilly Smith.
13:01 of 2nd period - Shot Misses the Net.
13:03 of 2nd period - Shot by Reilly Smith.
13:03 of 2nd period - Shot Misses the Net.
13:38 of 2nd period - Dylan Gambrell is hit by Dennis Gilbert.
13:40 of 2nd period - Shot by Esa Lindell.
13:40 of 2nd period - Shot Misses the Net.
14:09 of 2nd period - Minor Penalty to Tanner Jeannot for Hooking.
14:10 of 2nd period - Jean-Gabriel Pageau wins face-off versus Tyler Seguin in NASHVILLE Predators zone.
14:32 of 2nd period - Shot by Corey Perry.
14:32 of 2nd period - Stopped by Juuse Saros with a rebound.
15:16 of 2nd period - Shot by Vince Dunn.
15:16 of 2nd period - Stopped by Juuse Saros without a rebound.
15:17 of 2nd period - Tyler Seguin wins face-off versus Jean-Gabriel Pageau in NASHVILLE Predators zone.
15:20 of 2nd period - Shot by Vince Dunn.
15:20 of 2nd period - Stopped by Juuse Saros without a rebound.
15:21 of 2nd period - Jean-Gabriel Pageau wins face-off versus Sam Lafferty in NASHVILLE Predators zone.
15:53 of 2nd period - Icing by Vince Dunn.
15:54 of 2nd period - Sam Lafferty wins face-off versus Jean-Gabriel Pageau in TORONTO Maple Leafs zone.
15:59 of 2nd period - Shot by Shayne Gostisbehere.
15:59 of 2nd period - Stopped by Juuse Saros without a rebound.
16:00 of 2nd period - Tyler Seguin wins face-off versus Jean-Gabriel Pageau in NASHVILLE Predators zone.
16:01 of 2nd period - Shot by John Marino.
16:01 of 2nd period - Shot Misses the Net.
16:17 of 2nd period - Off-side.
16:18 of 2nd period - Tyler Seguin wins face-off versus Dylan Larkin in neutral zone.
16:18 of 2nd period - Tyler Seguin is hit by Pavel Zacha.
16:26 of 2nd period - Shot by Tyler Seguin.
16:26 of 2nd period - Stopped by Juuse Saros without a rebound.
16:27 of 2nd period - Tyler Seguin wins face-off versus Dylan Larkin in NASHVILLE Predators zone.
16:29 of 2nd period - Josh Bailey is hit by Brent Burns and loses puck.
16:40 of 2nd period - Shot by Corey Perry.
16:40 of 2nd period - Stopped by Juuse Saros without a rebound.
16:41 of 2nd period - Sam Lafferty wins face-off versus Alex DeBrincat in NASHVILLE Predators zone.
16:49 of 2nd period - Icing by Esa Lindell.
16:50 of 2nd period - Tyler Seguin wins face-off versus Aleksander Barkov in NASHVILLE Predators zone.
17:09 of 2nd period - Shot by Tyler Seguin.
17:09 of 2nd period - Stopped by Juuse Saros without a rebound.
17:10 of 2nd period - Sam Lafferty wins face-off versus Jean-Gabriel Pageau in NASHVILLE Predators zone.
19:32 of 2nd period - Shot by Johnny Gaudreau.
19:32 of 2nd period - Stopped by Matt Murray without a rebound.
19:33 of 2nd period - Ryan Carpenter wins face-off versus Dylan Gambrell in TORONTO Maple Leafs zone.
Goals for this period are 0 for TORONTO Maple Leafs vs 0 for NASHVILLE Predators.
Shots for this period are 13 for TORONTO Maple Leafs vs 5 for NASHVILLE Predators.

3rd period


0:01 of 3rd period - Tyler Seguin wins face-off versus Reilly Smith in neutral zone.
0:22 of 3rd period - Shot by Aleksander Barkov.
0:22 of 3rd period - Stopped by Matt Murray without a rebound.
0:23 of 3rd period - Dylan Larkin wins face-off versus Sam Lafferty in TORONTO Maple Leafs zone.
0:32 of 3rd period - Shot by Dylan Larkin.
0:32 of 3rd period - Stopped by Matt Murray with a rebound.
0:34 of 3rd period - Shot by Luke Schenn.
0:34 of 3rd period - Shot Misses the Net.
0:36 of 3rd period - Shot by Pavel Zacha.
0:36 of 3rd period - Stopped by Matt Murray without a rebound.
0:37 of 3rd period - Aleksander Barkov wins face-off versus Tyler Seguin in TORONTO Maple Leafs zone.
0:37 of 3rd period - Jaccob Slavin is hit by Shayne Gostisbehere and loses puck.
1:57 of 3rd period - Mark Jankowski is hit by Brent Burns and loses puck.
2:00 of 3rd period - Shot by Mark Jankowski.
2:00 of 3rd period - Shot Misses the Net.
2:53 of 3rd period - Dylan Larkin is hit by Artem Zub.
2:55 of 3rd period - Shot by Johnny Gaudreau.
2:55 of 3rd period - Shot Blocked by Artem Zub.
3:14 of 3rd period - Icing by Alex Goligoski.
3:15 of 3rd period - Jonah Gadjovich wins face-off versus Jonatan Berggren in TORONTO Maple Leafs zone.
3:15 of 3rd period - Jonah Gadjovich is hit by Dylan Gambrell.
3:20 of 3rd period - Artem Zub is hit by Dylan Gambrell and loses puck.
3:26 of 3rd period - Jonatan Berggren is hit by Artem Zub and loses puck.
3:44 of 3rd period - Dylan Gambrell is hit by Artem Zub and loses puck.
3:54 of 3rd period - Artem Zub is hit by Dmitry Kulikov and loses puck.
4:40 of 3rd period - Icing by Esa Lindell.
4:41 of 3rd period - Jean-Gabriel Pageau wins face-off versus Sam Lafferty in NASHVILLE Predators zone.
4:46 of 3rd period - Minor Penalty to Tanner Jeannot for Diving.
4:47 of 3rd period - Tyler Seguin wins face-off versus Jean-Gabriel Pageau in NASHVILLE Predators zone.
4:57 of 3rd period - Minor Penalty to Corey Perry for Delaying the game.
4:58 of 3rd period - Tyler Seguin wins face-off versus Aleksander Barkov in TORONTO Maple Leafs zone.
6:59 of 3rd period - Shot by Corey Perry.
6:59 of 3rd period - Stopped by Juuse Saros without a rebound.
7:00 of 3rd period - Jean-Gabriel Pageau wins face-off versus Kevin Stenlund in NASHVILLE Predators zone.
7:27 of 3rd period - Shot by Tanner Jeannot.
7:27 of 3rd period - Shot Misses the Net.
7:29 of 3rd period - Shot by Travis Hamonic.
7:29 of 3rd period - Shot Misses the Net.
7:31 of 3rd period - Shot by Travis Hamonic.
7:31 of 3rd period - Goal by Travis Hamonic - TORONTO Maple Leafs : 2 - NASHVILLE Predators : 1.
7:32 of 3rd period - Ryan Carpenter wins face-off versus Alex DeBrincat in neutral zone.
7:57 of 3rd period - Shot by Simon Holmstrom.
7:57 of 3rd period - Shot Misses the Net.
8:43 of 3rd period - Dylan Larkin is hit by Sam Lafferty.
9:12 of 3rd period - Esa Lindell is hit by Alex Goligoski and loses puck.
9:55 of 3rd period - Shot by Jimmy Vesey.
9:55 of 3rd period - Stopped by Matt Murray with a rebound.
9:57 of 3rd period - Shot by Jean-Gabriel Pageau.
9:57 of 3rd period - Shot Misses the Net.
10:18 of 3rd period - Josh Bailey is hit by Brent Burns.
10:30 of 3rd period - Shot by Dylan Gambrell.
10:30 of 3rd period - Shot Blocked by John Marino.
10:57 of 3rd period - Icing by Brent Burns.
10:58 of 3rd period - Sam Lafferty wins face-off versus Dylan Gambrell in NASHVILLE Predators zone.
11:48 of 3rd period - Shayne Gostisbehere is hit by Luke Schenn and loses puck.
12:03 of 3rd period - Shot by Reilly Smith.
12:03 of 3rd period - Shot Blocked by Vince Dunn.
12:20 of 3rd period - Off-side.
12:21 of 3rd period - Dylan Larkin wins face-off versus Ryan Carpenter in neutral zone.
13:18 of 3rd period - Icing by Dennis Gilbert.
13:19 of 3rd period - Jean-Gabriel Pageau wins face-off versus Tyler Seguin in TORONTO Maple Leafs zone.
13:53 of 3rd period - Mark Friedman is hit by Tanner Jeannot and loses puck.
14:03 of 3rd period - Icing by Jean-Gabriel Pageau.
14:04 of 3rd period - Jean-Gabriel Pageau wins face-off versus Sam Lafferty in NASHVILLE Predators zone.
15:02 of 3rd period - Off-side.
15:03 of 3rd period - Tyler Seguin wins face-off versus Reilly Smith in neutral zone.
15:39 of 3rd period - Esa Lindell is hit by Alex Goligoski and loses puck.
15:45 of 3rd period - Icing by Alex Goligoski.
15:46 of 3rd period - Josh Bailey wins face-off versus Dylan Larkin in TORONTO Maple Leafs zone.
16:48 of 3rd period - Esa Lindell is hit by Colin White.
18:32 of 3rd period - Simon Holmstrom is hit by Brent Burns and loses puck.
19:16 of 3rd period - Artem Zub is hit by Jimmy Vesey and loses puck.
19:19 of 3rd period - NASHVILLE Predators, Juuse Saros is pulled from the net.
Goals for this period are 0 for TORONTO Maple Leafs vs 1 for NASHVILLE Predators.
Shots for this period are 1 for TORONTO Maple Leafs vs 5 for NASHVILLE Predators. Output by the SimonT Hockey Simulator (STHS) for Martin Benoit - Original Page W3C HTML5 Valid
Hockey Simulator - Hockey Simulation - Hockey Manager